Map: Cactus Valley LE (Void)

Players

Musumeci

  • Race: Zerg Zerg
  • League: Diamond
  • Spawn Location: 11:00

lokkky - Winner!

  • Race: Zerg Zerg
  • League: Diamond
  • Spawn Location: 5:00

VOD

Have the link to the VOD?

Description

Time

  • Played on: March 12, 2017, 7:10 a.m.
  • Length: 14:53
Show
View Real Time Build Order
Export as new Build Order

Musumeci Zerg 

Build Orders: Hatch First, Muta Ling Bane 

Get SALT Encoding   

  12  0:01  Drone  
  13  0:10  Drone  
  14  0:18  Overlord  
  14  0:23  Extractor  
  14  0:24  Drone  
  15  0:36  Drone x2  
  17  0:57  Hatchery  
  16  1:01  Drone, Extractor  
  17  1:14  Extractor  
  16  1:20  Spawning Pool  
  16  1:22  Drone  
  16  1:23  Drone  
  17  1:27  Drone  
  18  1:36  Drone  
  19  1:49  Drone  
  20  1:55  Drone  
  21  2:05  Drone  
  21  2:08  Queen x2  
  24  2:10  Drone  
  27  2:16  Overlord  
  27  2:25  Metabolic Boost  
  27  2:28  Zergling x2  
  29  2:37  Drone x2  
  29  2:41  Baneling Nest  
  29  2:42  Zergling x2  
  30  2:48  Drone  
  30  2:51  Drone  
  32  2:52  Drone  
  33  2:59  Zergling x2  
  34  3:12  Zergling x2  
  35  3:13  Drone  
  35  3:14  Overlord  
  35  3:29  Roach Warren  
  35  3:32  Spine Crawler  
  35  3:33  Spine Crawler  
  32  3:34  Spine Crawler  
  31  3:46  Spine Crawler  
  31  3:47  Spine Crawler  
  31  3:48  Spine Crawler  
  44  4:24  Overlord x3  
  44  4:28  Drone x9  
  39  4:42  Hatchery  
  38  4:48  Drone  
  38  4:49  Drone x2  
  38  4:50  Lair, Extractor  
  40  4:53  Extractor  
  40  4:56  Extractor  
  38  5:11  Drone x4  
  42  5:28  Overlord x2  
  42  5:32  Drone  
  42  5:33  Drone  
  44  5:35  Drone  
  44  5:36  Drone x3  
  48  6:01  Spire  
  46  6:20  Drone  
  46  6:21  Drone x3  
  46  6:25  Overlord  
  50  6:28  Drone x2  
  52  6:33  Drone x2  
  52  6:34  Drone, Extractor  
  52  6:35  Drone x2  
  52  6:36  Drone  
  52  6:37  Queen  
  52  6:38  Extractor  
  58  6:53  Zergling x4  
  60  7:02  Overlord  
  60  7:12  Mutalisk x2  
  60  7:15  Mutalisk x8  
  64  7:16  Mutalisk x2  
  64  7:22  Mutalisk  
  84  7:24  Mutalisk  
  84  7:29  Overlord x3  
  88  7:32  Centrifical Hooks  
  88  7:34  Zergling x2  
  88  7:35  Spine Crawler x2, Zergling x4  
  88  7:36  Baneling x4  
  89  7:53  Baneling x6  
  89  7:55  Mutalisk  
  89  7:56  Mutalisk  
  81  8:23  Mutalisk x2  
  87  8:45  Hatchery  
  83  8:59  Hatchery  
  82  9:09  Mutalisk x3  
  82  9:10  Mutalisk x4  
  96  9:19  Drone  
  96  9:20  Drone x6, Evolution Chamber  
  96  9:24  Overlord  
  96  9:54  Zergling x2  
  96  9:55  Zergling x18  
  103  10:13  Baneling x8  
  103  10:14  Baneling x2, Zergling x14  
  103  10:15  Zergling x2  
  111  10:27  Extractor  
  110  10:28  Extractor  
  109  10:52  Spine Crawler  
  109  10:53  Spine Crawler x2  
  109  10:54  Spine Crawler x2  
  109  10:55  Spine Crawler x2  
  109  10:56  Spine Crawler x2  
  99  10:57  Spine Crawler  
  99  10:59  Spine Crawler  
  85  11:23  Mutalisk  
  83  11:29  Overseer x2  
  83  11:31  Overseer  
  53  12:07  Hatchery  
  34  12:58  Hatchery  
  31  13:27  Hatchery  
Show
View Real Time Build Order
Export as new Build Order

lokkky Zerg - Winner!

Build Orders: Hatch First, Lurkers 

Get SALT Encoding   

  12  0:01  Drone  
  13  0:13  Overlord  
  13  0:18  Drone  
  14  0:32  Drone x2  
  14  0:35  Drone  
  17  0:53  Hatchery  
  17  0:55  Drone  
  17  1:10  Extractor  
  16  1:11  Spawning Pool  
  16  1:15  Drone  
  16  1:18  Drone  
  17  1:24  Drone  
  18  1:35  Drone  
  19  1:46  Overlord  
  19  1:58  Queen  
  19  2:00  Zergling x2  
  22  2:06  Queen  
  22  2:07  Drone  
  25  2:13  Roach Warren  
  24  2:29  Overlord  
  24  2:53  Roach x2  
  24  2:54  Roach x4  
  36  3:07  Roach x2  
  36  3:10  Roach x2  
  44  3:18  Overlord  
  44  3:32  Overlord  
  44  3:42  Drone x3  
  44  3:43  Drone x4  
  51  3:49  Metabolic Boost  
  51  3:54  Drone  
  52  4:15  Drone x6  
  58  4:17  Spine Crawler  
  58  4:21  Lair  
  57  4:29  Extractor  
  56  4:34  Overlord  
  56  4:39  Drone x3  
  56  4:40  Drone  
  56  4:42  Extractor  
  59  4:45  Evolution Chamber  
  59  4:46  Evolution Chamber  
  57  5:00  Drone x4  
  57  5:01  Drone  
  62  5:15  Zerg Missile Weapons Level 1  
  62  5:19  Glial Reconstitution  
  62  5:21  Drone x3  
  64  5:22  Drone  
  66  5:35  Zerg Ground Armor Level 1  
  66  5:36  Drone x2  
  67  5:59  Overlord x2  
  67  6:00  Hatchery, Overlord  
  66  6:20  Hydralisk Den, Drone x3  
  66  6:21  Drone  
  66  6:22  Drone x4  
  66  6:23  Drone x2  
  75  6:37  Overlord x2  
  75  6:40  Extractor  
  74  6:49  Muscular Augments  
  74  6:50  Hydralisk x6  
  86  7:07  Roach x7  
  100  7:11  Overseer  
  100  7:13  Queen, Overlord  
  102  7:20  Drone x2  
  104  7:30  Drone  
  104  7:31  Drone x5  
  104  7:34  Spine Crawler  
  104  7:35  Spine Crawler  
  108  7:38  Drone x3  
  108  7:39  Drone  
  112  7:48  Hydralisk x3  
  118  7:51  Spore Crawler  
  118  7:54  Spore Crawler  
  118  7:55  Spore Crawler  
  113  8:05  Hydralisk x5  
  103  8:34  Hydralisk x8  
  99  8:40  Extractor  
  112  8:41  Lurker Den  
  112  8:44  Extractor  
  112  8:48  Roach x2, Zergling x2  
  110  8:55  Hatchery  
  109  9:05  Spore Crawler  
  104  9:10  Hydralisk  
  104  9:11  Hydralisk x4  
  104  9:14  Overlord x4  
  114  9:18  Baneling Nest  
  113  9:26  Overlord x3  
  113  9:34  Overlord  
  113  9:35  Overlord x2  
  113  9:36  Hydralisk x2  
  113  10:08  Hydralisk x10  
  133  10:17  Lurker x3  
  133  10:18  Lurker  
  133  10:20  Drone x3  
  140  10:33  Zerg Missile Weapons Level 2  
  140  10:46  Overlord  
  140  10:47  Overlord x3  
  140  11:11  Roach x9  
  138  11:12  Roach x5  
  146  11:39  Hydralisk  
  146  11:40  Hydralisk x2  
  146  11:42  Overlord x3  
  125  12:26  Hydralisk x9  
  125  12:27  Hydralisk  
  123  12:46  Lurker x2  
  123  12:48  Lurker x2  
  106  14:31  Drone x3  
Tags
 
Add a new tag
Caveats
  • Supply blocks, unpowered buildings, or Contaminate may cause inaccurate times.
  • Supply counts are checked every 10 seconds.